 Dungeon Sprint DCSS version 0.28-a0-697-g47f3eba078 (webtiles) character file.

Game seed: 15583446428671721878

4701 mhtbhm the Carver (level 10, -8/86 HPs)
             Began as a Human Fighter on Oct 24, 2021.
             Was a High Priest of Okawaru.
             Engulfed by a fire crab's flame (17 damage)
             ... in the Dungeon (Sprint VII: "The Pits").
             The game lasted 00:06:43 (1916 turns).

mhtbhm the Carver (Human Fighter)                   Turns: 1916, Time: 00:06:44

Health: -8/86      AC: 13    Str: 19    XL:     10   Next: 72%
Magic:  17/17      EV: 18    Int:  9    God:    Okawaru [*****.]
Gold:   0          SH:  6    Dex: 13    Spells: 9/9 levels left

rFire   . . .      SeeInvis .   a - +2 falchion
rCold   . . .      Faith    .   c - +0 buckler
rNeg    . . .      Spirit   .   b - +3 ring mail
rPois   .          Reflect  .   (helmet restricted)
rElec   .          Harm     .   (no cloak)
rCorr   .          Rampage  .   (no gloves)
Will    .....      NoTele   +   (no boots)
Stlth   +.........              (no amulet)
HPRegen 1.24/turn               n - +3 ring of protection
MPRegen 0.15/turn               p - +3 ring of evasion

@: no status effects
A: antennae 1, regeneration 1, screaming 1, wild magic 1, sturdy frame 1
a: Renounce Religion, Heroism, Finesse


You were in the Dungeon.
You worshipped Okawaru.
Okawaru was extremely pleased with you.
You visited 1 branch

Inventory:

Hand Weapons
 a - a +2 falchion (weapon)
 m - a +2 scimitar of holy wrath
Missiles
 f - 2 atropa-tipped darts (quivered)
Armour
 b - a +3 ring mail (worn)
 c - a +0 buckler (worn)
 r - a +0 helmet
Jewellery
 n - a +3 ring of protection (left hand)
 p - a +3 ring of evasion (right hand)
Scrolls
 l - 5 scrolls of amnesia
Potions
 d - a potion of might
 e - 3 potions of curing
 g - a potion of haste
 h - 4 potions of magic
 i - 3 potions of berserk rage
 k - 2 potions of invisibility
 o - a potion of brilliance


   Skills:
 + Level 10.4 Fighting
 + Level 13.0 Long Blades
 + Level 10.1 Armour
 + Level 9.3 Dodging
 + Level 1.1 Stealth
 + Level 9.8 Shields
 * Level 9.5 Invocations


You had 9 spell levels left.
You didn't know any spells.
Your spell library was empty.

Dungeon Overview and Level Annotations

Branches:
Dungeon (1/1)

Altars:
Ashenzari
Cheibriados
Dithmenos
Elyvilon
Fedhas
Gozag
Hepliaklqana
Kikubaaqudgha
Makhleb
Nemelex Xobeh
Okawaru
Qazlal
Ru
Sif Muna
Trog
Uskayaw
Vehumet
Wu Jian
Xom
Yredelemnul
Zin
The Shining One
Beogh
Jiyva
Lugonu


Innate Abilities, Weirdness & Mutations

You have a pair of small antennae on your head.
Your natural rate of healing is unusually fast.
You occasionally shout uncontrollably at your foes.
Your spells are a little harder to cast, but a little more powerful.
Your movements are slightly less encumbered by armour. (ER -2)


Message History

You start waiting.
A fire crab is nearby!
There is a broken door here.
The fire crab breathes flames at you. The blast of flame engulfs you.
You are engulfed in blazing flames.
You block the fire crab's attack.
The fire crab claws you but does no damage.
You hit the fire crab but do no damage.
You are engulfed in blazing flames.
The fire crab bites you but does no damage.
The fire crab closely misses you.
You slash the fire crab!
The fire crab is lightly wounded.
You are engulfed in blazing flames.
The fire crab breathes flames at you. The blast of flame engulfs you.
You barely miss the fire crab.
The fire crab is lightly wounded.
You slash the fire crab!
The fire crab is moderately wounded.
The fire crab closely misses you. The fire crab misses you.
You barely miss the fire crab.
The fire crab is moderately wounded.
The fire crab breathes flames at you. The blast of flame engulfs you.
You slash the fire crab!
The fire crab is severely wounded.
You are engulfed in blazing flames.
You hit the fire crab.
The fire crab is severely wounded.
You are engulfed in blazing flames.
The fire crab misses you. The fire crab claws you!
* * * LOW HITPOINT WARNING * * *
You are engulfed in flames!
* * * LOW HITPOINT WARNING * * *
The fire crab breathes flames at you. The blast of flame engulfs you!
* * * LOW HITPOINT WARNING * * *
Unknown command.
You feel better.
You are engulfed in blazing flames.
You die...

................#
###'#####''######
.......##'†#########
.......##.)....#...+
.......##....###..†### ...
...<...##...##.+.).†.## ...#
.......##..##..##○##..## ..#
.......##..#..##○○○##..+...#
.......##..#..#○@t○.#..#...#
#########..'..○°°°°°+..t...+
#########..#..#○°°°.#.☼#...#
..#..[.##..#..##°°°##..+...#
..#..[[##.)##..##'##°.## ..#
..'..))##...##.+...+.## ...#
..#..))##....###...### ...
..#..))##......#...+
####################


You could see a fire crab.

Vanquished Creatures
  An orc high priest (D)
  A phantasmal warrior (D)
  A manticore (D)
  A molten gargoyle (D)
  An orange demon (D)
  A demonic crawler (D)
  A hornet (D)
  2 redbacks (D)
  A tarantella (D)
  Grum (D)
  Menkaure (D)
  A warg (D)
  A floating eye (D)
  An orc warrior (D)
  A sky beast (D)
  Purgy (D)
  A centaur (D)
  2 ogres (D)
  6 wolves (D)
  A bullfrog (D)
  A gnoll sergeant (D)
  A scorpion (D)
  A crimson imp (D)
  A jelly (D)
  An iron imp (D)
  An iguana (D)
  2 adders (D)
  4 gnolls (D)
  A white imp (D)
  An ufetubus (D)
  A worm (D)
  3 orcs (D)
  2 ball pythons (D)
  3 endoplasms (D)
  A quokka (D)
  4 frilled lizards (D)
  2 rats (D)
57 creatures vanquished.

Notes
Turn   | Place    | Note
-------+----------+-------------------------------------------
     0 | D        | mhtbhm the Human Fighter began the quest for the Orb.
     0 | D        | Reached XP level 1. HP: 18/18 MP: 1/1
    24 | D        | Found a bloodstained altar of Trog.
    24 | D        | Found a shimmering blue altar of Sif Muna.
    24 | D        | Found a viscous altar of Jiyva.
    24 | D        | Found a hazy altar of Hepliaklqana.
    24 | D        | Found an opulent altar of Gozag.
    25 | D        | Found a glowing golden altar of the Shining One.
    25 | D        | Found a glowing silver altar of Zin.
    25 | D        | Found a basalt altar of Yredelemnul.
    25 | D        | Found a shimmering altar of Xom.
    25 | D        | Found an ornate altar of the Wu Jian Council.
    25 | D        | Found a sacrificial altar of Ru.
    25 | D        | Found a stormy altar of Qazlal.
    25 | D        | Found an iron altar of Okawaru.
    25 | D        | Found a sparkling altar of Nemelex Xobeh.
    25 | D        | Found a burning altar of Makhleb.
    25 | D        | Found a blossoming altar of Fedhas.
    25 | D        | Found a white marble altar of Elyvilon.
    25 | D        | Found a shadowy altar of Dithmenos.
    25 | D        | Found a snail-covered altar of Cheibriados.
    27 | D        | Found a radiant altar of Vehumet.
    27 | D        | Found a corrupted altar of Lugonu.
    28 | D        | Found a hide-covered altar of Uskayaw.
    28 | D        | Found an ancient bone altar of Kikubaaqudgha.
    28 | D        | Found a broken altar of Ashenzari.
    33 | D        | Became a worshipper of Warmaster Okawaru
   114 | D        | Reached XP level 2. HP: 25/25 MP: 2/2
   255 | D        | Reached XP level 3. HP: 22/30 MP: 3/3
   459 | D        | Reached skill level 3 in Long Blades
   459 | D        | Reached XP level 4. HP: 31/38 MP: 4/4
   484 | D        | Reached skill level 5 in Fighting
   484 | D        | Reached skill level 4 in Long Blades
   484 | D        | Reached skill level 5 in Armour
   484 | D        | Reached skill level 5 in Shields
   554 | D        | Noticed a sky beast
   562 | D        | Killed a sky beast
   562 | D        | Reached * piety under Okawaru
   563 | D        | Reached skill level 5 in Long Blades
   563 | D        | Reached skill level 1 in Dodging
   563 | D        | Reached XP level 5. HP: 46/46 MP: 5/5
   565 | D        | Noticed an ogre
   570 | D        | Killed an ogre
   571 | D        | Reached skill level 6 in Long Blades
   571 | D        | Reached XP level 6. HP: 39/53 MP: 6/6
   651 | D        | Noticed a floating eye
   651 | D        | Noticed Purgy
   653 | D        | Paralysed by a floating eye for 3 turns
   660 | D        | Paralysed by a floating eye for 3 turns
   668 | D        | Killed Purgy
   668 | D        | Paralysed by a floating eye for 4 turns
   669 | D        | Reached skill level 7 in Long Blades
   669 | D        | Reached XP level 7. HP: 39/59 MP: 7/7
   679 | D        | Reached ** piety under Okawaru
   680 | D        | Reached skill level 8 in Long Blades
   835 | D        | Reached skill level 9 in Long Blades
   854 | D        | HP: 2/60 [gnoll sergeant (10)]
   866 | D        | Reached skill level 1 in Invocations
  1184 | D        | Gained mutation: You are weak. (Str -2) [potion of
                  | mutation]
  1184 | D        | Gained mutation: You have a pair of small antennae on your
                  | head. [potion of mutation]
  1184 | D        | Gained mutation: You have large cloven feet. [potion of
                  | mutation]
  1184 | D        | Gained mutation: Your movements are slightly less
                  | encumbered by armour. (ER -2) [potion of mutation]
  1185 | D        | Lost mutation: You have large cloven feet. [potion of
                  | mutation]
  1185 | D        | Lost mutation: You are weak. (Str -2) [potion of mutation]
  1185 | D        | Gained mutation: Your spells are a little harder to cast,
                  | but a little more powerful. [potion of mutation]
  1185 | D        | Gained mutation: You occasionally shout uncontrollably at
                  | your foes. [potion of mutation]
  1185 | D        | Gained mutation: Your natural rate of healing is unusually
                  | fast. [potion of mutation]
  1202 | D        | Reached XP level 8. HP: 62/68 MP: 9/9
  1225 | D        | Noticed a molten gargoyle
  1227 | D        | Noticed an orange demon
  1245 | D        | Killed a molten gargoyle
  1246 | D        | Reached skill level 10 in Long Blades
  1251 | D        | Killed an orange demon
  1251 | D        | Reached *** piety under Okawaru
  1252 | D        | Reached skill level 5 in Dodging
  1252 | D        | Reached skill level 5 in Invocations
  1306 | D        | Reached skill level 11 in Long Blades
  1306 | D        | Reached XP level 9. HP: 38/75 MP: 11/13
  1455 | D        | Noticed Grum
  1506 | D        | Killed Grum
  1506 | D        | Reached **** piety under Okawaru
  1560 | D        | Noticed Menkaure
  1584 | D        | Killed Menkaure
  1604 | D        | Noticed an orc high priest
  1605 | D        | Noticed a manticore
  1612 | D        | Reached skill level 12 in Long Blades
  1612 | D        | Reached skill level 10 in Armour
  1630 | D        | Noticed a hornet
  1635 | D        | Noticed a hellwing
  1635 | D        | Noticed a hellwing
  1638 | D        | Noticed an orange demon
  1638 | D        | Noticed a hellwing
  1650 | D        | Killed a manticore
  1651 | D        | Reached skill level 1 in Stealth
  1651 | D        | Reached XP level 10. HP: 30/85 MP: 13/16
  1661 | D        | Killed an orc high priest
  1662 | D        | Reached skill level 10 in Fighting
  1720 | D        | Noticed a demonic crawler
  1748 | D        | Killed a demonic crawler
  1768 | D        | Noticed a phantasmal warrior
  1796 | D        | Reached ***** piety under Okawaru
  1811 | D        | Killed a phantasmal warrior
  1811 | D        | Received a gift from Okawaru
  1812 | D        | Reached skill level 13 in Long Blades
  1855 | D        | Noticed a fire crab
  1915 | D        | HP: 1/86 [fire crab/blast of flame (7)]
  1916 | D        | Engulfed by a fire crab's flame

Illustrated notes

Levels and vault maps discovered:
D:        pitsprint [storerooms_1, entrance_room_1, metal_vault_6, armoury_2,
          mini_pit_1, grid_room_1, main_hall_1, silver_pit, the_coven_1,
          the_vestibule_1, steel_vault_1, golden_pit, hallway_of_sentries,
          crystal_vault_6, iron_vault_1, final_vault]

Skill      XL: |  1  2  3  4  5  6  7  8  9 10 |
---------------+-------------------------------+-----
Fighting       | 4 5 6 7 8 9 10 | 10.4
Armour         | 4 6 7 8 9 10 | 10.1
Shields        | 4 5 6 7 8 9 |  9.8
Long Blades    | 3 5 6 7 9 11 12 13 | 13.0
Dodging        | 1 2 3 4 5 7 9 |  9.3
Invocations    | 2 5 8 9 |  9.5
Stealth        | 1 |  1.1

Action                   |  1- 3 |  4- 6 |  7- 9 | 10-12 || total
-------------------------+-------+-------+-------+-------++-------
Melee: Falchion          |    45 |    56 |   198 |    94 ||   393
       Long sword        |     5 |       |       |       ||     5
       Scimitar          |       |       |     1 |       ||     1
Invok: Heroism           |       |       |     3 |       ||     3
  Use: Potion            |       |     1 |    14 |     3 ||    18
       Scroll            |       |       |     1 |       ||     1
Armor: Scale mail        |    14 |       |       |       ||    14
       Ring mail         |     6 |    28 |    50 |    38 ||   122
Dodge: Dodged            |    19 |    21 |   183 |    78 ||   301
Block: Buckler           |    11 |     8 |    83 |    38 ||   140

Table legend: (Time is in decaauts)
 A = Elapsed time spent in this place.
 B = Non-inter-level travel time spent in this place.
 C = Inter-level travel time spent in this place.
 D = Time resting spent in this place.
 E = Time spent auto-exploring this place.
 F = Levels seen in this place.
 G = Mean time per level.
                   A        B        C        D        E       F      G
               +--------+--------+--------+--------+--------+-----+--------+
         Total |   1856 |   1856 |      0 |    982 |      0 |   1 | 1856.0 |
       Dungeon |   1856 |   1856 |      0 |    982 |      0 |   1 | 1856.0 |
               +--------+--------+--------+--------+--------+-----+--------+

Top non-repeatable levels by time:
       D: 1856 daAuts
